 Dungeon Crawl Stone Soup version 0.28.0-43-g3370ac3207 (webtiles) character file.

Game seed: 4024129376540655656

2510 croobank the Magician (level 9, -3/59 HPs)
             Began as a Gnoll Fire Elementalist on Mar 16, 2022.
             Was a Follower of Hepliaklqana.
             Killed from afar by a steam dragon (5 damage)
             ... with a ball of steam
             ... on level 8 of the Dungeon.
             The game lasted 00:38:16 (8223 turns).

croobank the Magician (Gnoll Fire Elementalist)     Turns: 8223, Time: 00:38:16

Health: -3/59      AC:  7    Str:  7    XL:     9   Next: 53%
Magic:  0/19       EV: 13    Int: 20    God:    Hepliaklqana [*.....]
Gold:   274        SH:  0    Dex: 12    Spells: 8/21 levels left

rFire   + . .      SeeInvis .   m - +2 quarterstaff (chaos)
rCold   . . .      Faith    .   (shield currently unavailable)
rNeg    . . .      Spirit   +   u - +3 leather armour {rF+}
rPois   .          Reflect  .   x - +0 hat
rElec   .          Harm     .   A - +0 cloak {Stlth+}
rCorr   .          Rampage  .   (no gloves)
Will    .....                   (no boots)
Stlth   ++++......              s - amulet of guardian spirit
HPRegen 0.19/turn               (no ring)
MPRegen 0.16/turn               (no ring)

@: brilliant
A: reduced essence, fangs 1, strong nose, distributed training
a: Renounce Religion, Recall Ancestor, Ancestor Identity


You were on level 8 of the Dungeon.
You worshipped Hepliaklqana.
Hepliaklqana was aware of your devotion.
You visited 2 branches of the dungeon, and saw 9 of its levels.

You collected 399 gold pieces.
You spent 125 gold pieces at shops.

Inventory:

Hand Weapons
 b - a +0 hunting sling
 d - a +1 short sword
 j - a +0 morningstar
 m - a +2 quarterstaff of chaos (weapon)
 z - a +0 whip of flaming
 D - a +0 long sword
 G - a +2 rapier of electrocution
 H - a +2 falchion of electrocution
Missiles
 c - 59 sling bullets
 f - 168 stones
 i - 74 arrows
 n - 6 poisoned darts
 p - 85 bolts
 q - 2 boomerangs
 w - 2 curare-tipped darts
Armour
 a - a +0 robe
 o - a +0 kite shield
 u - a +3 leather armour of fire resistance (worn)
 x - a +0 hat (worn)
 A - a +0 cloak of stealth (worn)
 C - a +0 ring mail
Jewellery
 s - an amulet of guardian spirit (around neck)
Wands
 h - a wand of flame (19)
 F - a wand of iceblast (3)
 I - a wand of paralysis (14)
Scrolls
 r - a scroll of identify
 y - a scroll of magic mapping
Potions
 g - 2 potions of flight
 k - 2 potions of lignification
 l - a potion of attraction {unknown}
 t - 2 potions of brilliance


   Skills:
 + Level 4.3 Fighting
 + Level 4.3 Short Blades
 + Level 4.3 Long Blades
 + Level 4.3 Axes
 + Level 4.3 Maces & Flails
 + Level 4.3 Polearms
 + Level 4.3 Staves
 + Level 4.3 Slings
 + Level 4.3 Bows
 + Level 4.3 Crossbows
 + Level 4.3 Throwing
 + Level 4.3 Armour
 + Level 6.4 Dodging
 + Level 6.1 Stealth
 + Level 4.3 Shields
 + Level 4.3 Unarmed Combat
 + Level 6.7 Spellcasting
 + Level 4.2 Conjurations
 + Level 3.5 Hexes
 + Level 3.5 Summonings
 + Level 3.5 Necromancy
 + Level 3.5 Translocations
 + Level 3.5 Transmutations
 + Level 6.6 Fire Magic
 + Level 3.5 Ice Magic
 + Level 3.5 Air Magic
 + Level 3.5 Earth Magic
 + Level 3.5 Poison Magic
 + Level 4.8 Invocations
 + Level 4.3 Evocations


You had 8 spell levels left.
You knew the following spells:

 Your Spells              Type           Power      Damage    Failure   Level
a - Foxfire               Conj/Fire      100%       2x1d9     1%          1
b - Scorch                Fire           98%        2d10      1%          2
c - Flame Wave            Conj/Fire      42%        2d9       14%         4
d - Apportation           Tloc           62%        N/A       3%          1
e - Ensorcelled Hibernat  Hex/Ice        62%        N/A       4%          2
f - Vampiric Draining     Necr           31%        2d8       10%         3

Your spell library contained the following spells:

 Spells                   Type           Power      Damage    Failure   Level
 Animate Skeleton         Necr           62%        N/A       3%          1
 Beastly Appendage        Tmut           62%        N/A       3%          1
 Freeze                   Ice            100%       1d11      3%          1
 Pain                     Necr           100%       1d9       3%          1
 Summon Small Mammal      Summ           100%       N/A       3%          1
 Conjure Flame            Conj/Fire      42%        6-21      4%          3
 Inner Flame              Hex/Fire       40%        N/A       4%          3
 Irradiate                Conj/Tmut      16%        3d19      58%         5


Dungeon Overview and Level Annotations

Branches:
Dungeon (8/15)             Temple (1/1) D:4
   Lair: D:8-11

Altars:
Ashenzari
Cheibriados
Dithmenos
Elyvilon
Fedhas
Gozag
Hepliaklqana
Kikubaaqudgha
Makhleb
Nemelex Xobeh
Okawaru
Qazlal
Ru
Sif Muna
Trog
Uskayaw
Vehumet
Xom
Yredelemnul
Zin
The Shining One

Shops:
D:3 *?=   D:5 *   D:7 !

Annotations:
D:8 Harold, Maggie, Maurice


Innate Abilities, Weirdness & Mutations

Your life essence is reduced to manifest your ancestor. (-10% HP)
You have very sharp teeth.
Your uncanny sense of smell can sniff out nearby items.
Your experience applies equally to all skills.


Message History

Space warps horribly around the centaur warrior zombie!
The centaur warrior zombie is moderately damaged.
The centaur warrior zombie hits you but does no damage.
The centaur warrior zombie kicks you but does no damage.
The centaur warrior zombie hits you! The centaur warrior zombie kicks you.
Casting: Scorch (safe; 1% risk of failure)
Confirm with . or Enter, or press ? or * to list all spells.
You feel a surge of power!
You conjure some foxfire!
The centaur warrior zombie hits you.
* * * LOW HITPOINT WARNING * * *
The centaur warrior zombie kicks you.
* * * LOW HITPOINT WARNING * * *
The foxfire hits the steam dragon but does no damage.
The steam dragon is heavily wounded.
Aiming: Iceblast
Press: ? - help, Shift-Dir - straight line, p - Maurice The mass of ice explodes!
The iceblast engulfs the steam dragon!
The steam dragon is almost dead.
The foxfire hits the centaur warrior zombie.
The centaur warrior zombie is burned terribly!
The centaur warrior zombie is moderately damaged.
The centaur warrior zombie misses you.
The centaur warrior zombie kicks you but does no damage.
You barely miss the steam dragon.
The steam dragon is almost dead.
The centaur warrior zombie is no longer more vulnerable to fire.
The centaur warrior zombie hits you but does no damage.
The centaur warrior zombie closely misses you.
The steam dragon bites you.
* * * LOW HITPOINT WARNING * * *
The steam dragon claws you but does no damage.
The centaur warrior zombie hits you!
* * * LOW HITPOINT WARNING * * *
The centaur warrior zombie kicks you but does no damage.
Maurice hits the centaur warrior zombie with a +3 dagger.
The centaur warrior zombie barely misses Maurice.
The centaur warrior zombie kicks Maurice but does no damage.
The steam dragon breathes steam at you. The ball of steam hits you. You resist.
You die...

#. #.#.##.#ยง#
#..#.#.#..#.#
#....D.#.##)#####
#......#.....@..#
...#........#^###.#
#.........#.#.###.#
#...#####.#.......#
#... #.##R..####
#.## ..##D@.# #.
####.@.# #..!.Z.#
#.###..# # ...#
...# ..## ####


You could see the friendly Nkonkoni the ancestor, a steam dragon (catching
breath), a centaur warrior zombie (ally target) and the friendly Maurice
(charmed, swift).

Vanquished Creatures
  Pikel (D:5)
  Sigmund (D:3)
  A wraith (D:6)
  A steam dragon (D:7)
  A sky beast (D:6)
  A black bear (D:5)
  An ice beast (D:5)
  A centaur (D:3)
  A bullfrog (D:4)
  3 scorpions
  A wyvern zombie (D:6)
  4 electric eels (D:7)
  2 howler monkeys (D:4)
  2 bullfrog zombies (D:5)
  Crazy Yiuf (D:5)
  A jelly (D:5)
  3 hounds
  A centaur skeleton (D:4)
  5 orc priests
  2 orc wizards (D:8)
  A killer bee zombie (D:7)
  A hound zombie (D:5)
  2 hound skeletons
  A howler monkey zombie (D:7)
  3 adders
  A shadow imp (D:7)
  A white imp (D:5)
  2 ufetubi
  5 worms
  A dart slug (D:3)
  11 orcs
  5 ball pythons
  3 endoplasms
  2 giant cockroaches (D:1)
  8 goblins
  5 hobgoblins
  4 jackals (D:3)
  4 quokkas
  6 bats
  4 frilled lizards
  9 kobolds
  8 rats
  A butterfly (D:4)
122 creatures vanquished.

Vanquished Creatures (collateral kills)
  A bullfrog skeleton (D:6)
  A centaur zombie (D:7)
  A howler monkey zombie (D:7)
  An adder (D:6)
  A white imp (D:7)
  An orc (D:6)
  A foxfire (D:7)
7 creatures vanquished.

Vanquished Creatures (others)
  A bullfrog (D:8)
  An orc priest (D:8)
  An orc wizard (D:8)
  An ancestor (D:8)
  3 orcs (D:8)
  122 foxfires
  4 plants (D:7)
133 creatures vanquished.

Grand Total: 262 creatures vanquished

Notes
Turn   | Place    | Note
-------+----------+-------------------------------------------
     0 | D:1      | croobank the Gnoll Fire Elementalist began the quest for
                  | the Orb.
     0 | D:1      | Reached XP level 1. HP: 13/13 MP: 6/6
    85 | D:1      | Reached XP level 2. HP: 19/19 MP: 2/7
    88 | D:1      | Learned a level 2 spell: Scorch
   718 | D:1      | Reached XP level 3. HP: 20/25 MP: 0/9
   719 | D:1      | Reached skill level 5 in Spellcasting
  1029 | D:1      | You fall into a shaft and drop 1 floor!
  1294 | D:2      | Reached skill level 1 in Invocations
  1516 | D:2      | Found a faded altar of an unknown god.
  1813 | D:2      | Reached skill level 1 in Fighting
  1813 | D:2      | Reached skill level 1 in Short Blades
  1813 | D:2      | Reached skill level 1 in Long Blades
  1813 | D:2      | Reached skill level 1 in Axes
  1813 | D:2      | Reached skill level 1 in Maces & Flails
  1813 | D:2      | Reached skill level 1 in Polearms
  1813 | D:2      | Reached skill level 1 in Staves
  1813 | D:2      | Reached skill level 1 in Slings
  1813 | D:2      | Reached skill level 1 in Bows
  1813 | D:2      | Reached skill level 1 in Crossbows
  1813 | D:2      | Reached skill level 1 in Throwing
  1813 | D:2      | Reached skill level 1 in Armour
  1813 | D:2      | Reached skill level 1 in Shields
  1813 | D:2      | Reached skill level 1 in Unarmed Combat
  1813 | D:2      | Reached skill level 1 in Evocations
  2062 | D:3      | Reached XP level 4. HP: 28/32 MP: 8/11
  2072 | D:3      | Learned a level 4 spell: Flame Wave
  2250 | D:3      | Found Qeoram's Magic Scroll Shoppe.
  2253 | D:3      | Bought a scroll of blinking for 75 gold pieces
  2257 | D:3      | Found Efenefuq's Jewellery Shoppe.
  2371 | D:3      | Noticed a centaur
  2374 | D:3      | Killed a centaur
  2375 | D:3      | Reached skill level 1 in Hexes
  2375 | D:3      | Reached skill level 1 in Summonings
  2375 | D:3      | Reached skill level 1 in Necromancy
  2375 | D:3      | Reached skill level 1 in Translocations
  2375 | D:3      | Reached skill level 1 in Transmutations
  2375 | D:3      | Reached skill level 1 in Ice Magic
  2375 | D:3      | Reached skill level 1 in Air Magic
  2375 | D:3      | Reached skill level 1 in Earth Magic
  2375 | D:3      | Reached skill level 1 in Poison Magic
  2375 | D:3      | Reached XP level 5. HP: 37/37 MP: 6/12
  2458 | D:3      | Found Oxouni's General Store.
  3089 | D:3      | Noticed Sigmund
  3101 | D:3      | Killed Sigmund
  3102 | D:3      | Reached skill level 5 in Dodging
  3102 | D:3      | Reached XP level 6. HP: 35/44 MP: 4/14
  3700 | D:4      | Learned a level 1 spell: Apportation
  3936 | D:4      | Found a staircase to the Ecumenical Temple.
  3942 | Temple   | Entered the Ecumenical Temple
  4187 | Temple   | Became a worshipper of Hepliaklqana the Forgotten
  4636 | D:5      | Entered Level 5 of the Dungeon
  4660 | D:5      | Reached XP level 7. HP: 45/50 MP: 3/15
  4879 | D:4      | Reached skill level 5 in Stealth
  5198 | D:5      | Reached XP level 8. HP: 57/57 MP: 7/16
  5245 | D:5      | Noticed Pikel
  5254 | D:5      | Killed Pikel
  5418 | D:5      | Found Zaixol's Fire Supplies.
  5591 | D:5      | Got the Disquisition on the Snowflakes and Shape Shifting
  5595 | D:5      | Learned a level 2 spell: Ensorcelled Hibernation
  5599 | D:5      | Learned a level 3 spell: Vampiric Draining
  5750 | D:5      | Found a runed translucent door.
  5753 | D:5      | Noticed Crazy Yiuf
  5761 | D:5      | Killed Crazy Yiuf
  6175 | D:6      | Noticed a wraith
  6338 | D:6      | Reached XP level 9. HP: 54/65 MP: 8/18
  6400 | D:6      | Reached * piety under Hepliaklqana
  7071 | D:7      | Found Soedod's Distillery.
  7149 | D:7      | Bought a potion of heal wounds for 50 gold pieces
  8148 | D:8      | Noticed Harold
  8156 | D:8      | Noticed Maggie
  8177 | D:8      | Noticed Maurice
  8222 | D:8      | HP: 1/59 [centaur warrior zombie (6)]
  8223 | D:8      | Killed from afar by a steam dragon

Illustrated notes

Levels and vault maps discovered:
D:1:      dpeg_arrival_tiny_b, layout_basic, minmay_tromino_v4_a
D:2:      layout_basic, nicolae_ecumenical_oubliette,
          nicolae_concentric_dashed_squares_mild
D:3:      layout_loops_corners, serial_shops, nicolae_shop_stone,
          nicolae_shop_stone, nicolae_shop_behind_doors,
          cheibrodos_sewer_entry_bend, uniq_sigmund
D:4:      layout_loops_cross, minmay_temple_entry_butterflies
D:5:      layout_rooms, nicolae_shop_fire_sale [nicolae_sub_dead_trees],
          minmay_strange_pillars, uniq_pikel, uniq_crazy_yiuf_cottage
D:6:      layout_loops_ring
D:7:      layout_rooms, serial_shops, shop, serial_bayou, serial_bayou_pond_a,
          serial_bayou_lake_a, serial_bayou_pond_e, serial_bayou_pond_b,
          serial_bayou_shore_a, serial_bayou_pond_e
D:8:      layout_basic, uniq_maurice, uniq_harold, uniq_maggie
Temple:   nicolae_temple_the_god_donut

Skill      XL: |  1  2  3  4  5  6  7  8  9 |
---------------+----------------------------+-----
Conjurations   | 2 3 4 |  4.2
Spellcasting   | 5 6 |  6.7
Invocations    | 1 2 3 4 |  4.8
Fighting       | 1 2 3 4 |  4.3
Short Blades   | 1 2 3 4 |  4.3
Long Blades    | 1 2 3 4 |  4.3
Axes           | 1 2 3 4 |  4.3
Maces & Flails | 1 2 3 4 |  4.3
Polearms       | 1 2 3 4 |  4.3
Staves         | 1 2 3 4 |  4.3
Slings         | 1 2 3 4 |  4.3
Bows           | 1 2 3 4 |  4.3
Crossbows      | 1 2 3 4 |  4.3
Throwing       | 1 2 3 4 |  4.3
Armour         | 1 2 3 4 |  4.3
Shields        | 1 2 3 4 |  4.3
Unarmed Combat | 1 2 3 4 |  4.3
Evocations     | 1 2 3 4 |  4.3
Hexes          | 1 2 3 |  3.5
Summonings     | 1 2 3 |  3.5
Necromancy     | 1 2 3 |  3.5
Translocations | 1 2 3 |  3.5
Transmutations | 1 2 3 |  3.5
Ice Magic      | 1 2 3 |  3.5
Air Magic      | 1 2 3 |  3.5
Earth Magic    | 1 2 3 |  3.5
Poison Magic   | 1 2 3 |  3.5
Dodging        | 5 6 |  6.4
Stealth        | 5 6 |  6.1
Fire Magic     | 6 |  6.6

Action                   |  1- 3 |  4- 6 |  7- 9 || total
-------------------------+-------+-------+-------++-------
Melee: Unarmed           |     4 |       |       ||     4
       Short sword       |    21 |    19 |    11 ||    51
       Bite              |     2 |     2 |     5 ||     9
       Quarterstaff      |       |       |    37 ||    37
 Cast: Foxfire           |    28 |    20 |    30 ||    78
       Scorch            |    25 |    37 |    80 ||   142
       Flame Wave        |       |       |     2 ||     2
       Ensorcelled Hiber |       |       |     1 ||     1
Evoke: Wand              |       |       |    12 ||    12
  Use: Scroll            |     8 |     3 |     4 ||    15
       Potion            |       |     1 |     8 ||     9
 Stab: Sleeping          |       |     1 |     1 ||     2
Armor: Robe              |     3 |     4 |     1 ||     8
       Leather armour    |       |       |    25 ||    25
Dodge: Dodged            |    22 |    20 |    85 ||   127
